 Dungeon Crawl Stone Soup version 0.19.0-2-gae57169 (webtiles) character file.

2398 zxpr0jk the Thaumaturge (level 9, -2/62 HPs)
             Began as a Pale Draconian Ice Elementalist on Nov 4, 2016.
             Was a Follower of Cheibriados.
             Slain by a wight
             ... wielding a +4 battleaxe of freezing
              (8 damage)
             ... on level 7 of the Dungeon on Nov 5, 2016.
             The game lasted 00:23:10 (7989 turns).

zxpr0jk the Thaumaturge (DrIE)                      Turns: 7989, Time: 00:23:11

Health: -2/62      AC: 14    Str: 12    XL:     9   Next: 23%
Magic:  21/22      EV: 11    Int: 20    God:    Cheibriados [*.....]
Gold:   281        SH:  4    Dex: 18    Spells: 3 memorised, 18 levels left

rFire  . . .     SeeInvis .     w - +0 dagger (holy)
rCold  . . .     Gourm    .     (armour unavailable)
rNeg   . . .     Faith    .     r - +0 buckler
rPois  .         Spirit   .     (helmet restricted)
rElec  .         Reflect  .     (no cloak)
rCorr  .         Harm     .     B - +0 pair of gloves
MR     .....                    (no boots)
Stlth  ++........               (no amulet)
                                (no ring)
                                m - +3 ring of intelligence

@: icy armour, slowed, drained, very slow
A: breathe steam, unfitting armour, cold-blooded, AC +7
a: Breathe Steam, Bend Time, Renounce Religion


You were on level 7 of the Dungeon.
You worshipped Cheibriados.
Cheibriados was aware of your devotion.
You were hungry.

You visited 2 branches of the dungeon, and saw 8 of its levels.

You collected 281 gold pieces.

Inventory:

Hand Weapons
 v - a +0 hunting sling
 w - a +0 dagger of holy wrath (weapon)
 F - a +3 long sword
 G - a +0 trident of venom
Missiles
 i - 46 sling bullets
Armour
 r - a +0 buckler (worn)
 B - a +0 pair of gloves (worn)
 D - a cursed +0 pair of boots
Jewellery
 m - a +3 ring of intelligence (left hand)
Wands
 f - a wand of digging (14/24)
 s - a wand of random effects (28/48)
 t - a wand of paralysis (4/24)
 E - a wand of polymorph (12/24)
Scrolls
 d - 6 scrolls of teleportation
 e - 4 scrolls of magic mapping {unknown}
 g - 2 scrolls of random uselessness {unknown}
 j - a scroll of fog {unknown}
 o - 4 scrolls of identify {unknown}
 p - a scroll of amnesia {unknown}
 q - a scroll of enchant weapon {unknown}
 x - 2 scrolls of remove curse {unknown}
 y - a scroll of silence {unknown}
Potions
 h - a potion of curing
 l - a potion of heal wounds {unknown}
 u - a potion of cure mutation {unknown}
 C - a potion of magic {unknown}
Books
 a - a book of Frost

   Spells                             Type                      Level
   a - Freeze                         Ice                          1
   b - Throw Frost                    Conjuration/Ice              2
   c - Ozocubu's Armour               Charms/Ice                   3
   d - Throw Icicle                   Conjuration/Ice              4
   e - Summon Ice Beast               Ice/Summoning                4
Comestibles
 b - 4 bread rations
 n - 3 meat rations


   Skills:
 - Level 1.7(0.7) Dodging
 - Level 1.7(0.7) Stealth
 - Level 2.1(1.0) Shields
 * Level 9.3(8.0) Spellcasting
   Level 1.0(0.0) Conjurations
 + Level 7.7(6.5) Ice Magic


You had 18 spell levels left.
You knew the following spells:

 Your Spells              Type           Power        Failure   Level  Hunger
a - Freeze                Ice            ####         1%          1    None
b - Ozocubu's Armour      Chrm/Ice       ###.....     12%         3    None
c - Summon Ice Beast      Ice/Summ       ###.....     34%         4    ###....


Dungeon Overview and Level Annotations

Branches:
Dungeon (7/15)             Temple (1/1) D:6

Altars:
Ashenzari
Cheibriados
Dithmenos
Elyvilon
Fedhas
Gozag
Hepliaklqana
Kikubaaqudgha
Makhleb
Trog
Vehumet
Xom
The Shining One

Annotations:
D:7 Prince Ribbit


Innate Abilities, Weirdness & Mutations

You can breathe blasts of scalding, opaque steam.
Your pale cyan-grey scales are hard. (AC +7)
You cannot fit into any form of body armour.
You are cold-blooded and may be slowed by cold attacks.


Message History

The wight freezes you.
You hit the wight but do no damage.
The wight is almost destroyed.
The wight hits you with a battleaxe of freezing.
* * * LOW HITPOINT WARNING * * *
You feel drained.
* * * LOW HITPOINT WARNING * * *
You feel as though you will be slow longer.
The wight freezes you.
* * * LOW HITPOINT WARNING * * *
Unknown command.
You have got your breath back.
The wight hits you but does no damage.
The wight hits you with a battleaxe of freezing.
* * * LOW HITPOINT WARNING * * *
You feel as though you will be slow longer.
The wight freezes you.
* * * LOW HITPOINT WARNING * * *
The wight hits you with a battleaxe of freezing!
You die...

#...# #.## ##.##
#... #.# #### #.#
#+# #†#### #.#
#).>.# #.########
####z# ##.#...<...
#z# ####....######
#@# #...........##
#.###.##....###...
#.....###.#.......
####### ###.######
#....... ########


You could see 2 wights.

Vanquished Creatures
  The ghost of shinino the Grasshopper, an amateur OpWr of Ashenzari (D:4)
  2 phantoms (D:5)
  An ice beast (D:5)
  An orc warrior (D:7)
  A necrophage (D:7)
  3 centaurs
  A big kobold (D:6)
  Blork the orc (D:4)
  2 bullfrogs
  2 scorpions (D:4)
  2 wights (D:7)
  2 howler monkeys
  A bullfrog zombie (D:7)
  2 hounds (D:4)
  A centaur skeleton (D:5)
  2 orc priests
  4 iguanas
  3 orc wizards
  A worker ant (D:6)
  A killer bee zombie (D:7)
  A hound zombie (D:7)
  2 worker ant zombies
  7 gnolls
  9 adders
  A shadow imp (D:7)
  3 oozes
  A worm (D:2)
  A dart slug (D:1)
  4 leopard geckos
  19 orcs
  2 ball pythons
  4 giant cockroaches
  9 goblins
  6 hobgoblins
  8 jackals
  2 quokkas
  10 bats
  6 frilled lizards
  12 kobolds
  A leopard gecko zombie (D:5)
  11 rats
  A withered plant (D:7)
154 creatures vanquished.

Vanquished Creatures (collateral kills)
  4 necrophages (D:7)
  A wight (D:7)
  A crimson imp (D:7)
  A mummy (D:7)
7 creatures vanquished.

Grand Total: 161 creatures vanquished

Notes
Turn   | Place    | Note
-------+----------+-------------------------------------------
     0 | D:1      | zxpr0jk the Draconian Ice Elementalist began the quest for the Orb.
     0 | D:1      | Reached XP level 1. HP: 14/14 MP: 3/3
   143 | D:1      | Reached XP level 2. HP: 14/20 MP: 5/5
   644 | D:1      | Reached XP level 3. HP: 8/26 MP: 4/7
  1123 | D:1      | Found a shattered altar of Ashenzari.
  1475 | D:2      | Found a shimmering altar of Xom.
  1480 | D:2      | Reached skill level 3 in Spellcasting
  1879 | D:2      | Reached XP level 4. HP: 29/33 MP: 6/9
  2177 | D:2      | Learned a level 3 spell: Ozocubu's Armour
  2182 | D:2      | Learned a level 4 spell: Summon Ice Beast
  2876 | D:3      | Found an ancient bone altar of Kikubaaqudgha.
  3067 | D:3      | Reached XP level 5. HP: 24/38 MP: 6/10
  3099 | D:3      | Reached skill level 4 in Spellcasting
  3202 | D:3      | Reached skill level 1 in Shields
  3994 | D:4      | Noticed shinino's ghost (amateur OpWr)
  4052 | D:4      | Found a bloodstained altar of Trog.
  4217 | D:4      | Reached XP level 6. HP: 41/45 MP: 6/12
  4248 | D:4      | Noticed Blork the orc
  4261 | D:4      | Killed Blork the orc
  4361 | D:5      | Entered Level 5 of the Dungeon
  4566 | D:4      | Reached skill level 5 in Spellcasting
  4644 | D:4      | Reached skill level 5 in Ice Magic
  4803 | D:4      | Killed shinino's ghost
  4803 | D:4      | Your scales start taking on a pale cyan-grey colour.
  4803 | D:4      | Reached XP level 7. HP: 50/50 MP: 11/15
  4908 | D:4      | Reached skill level 6 in Spellcasting
  5260 | D:5      | Found a shadowy altar of Dithmenos.
  5606 | D:5      | Reached XP level 8. HP: 48/57 MP: 10/18
  5620 | D:5      | Reached skill level 7 in Spellcasting
  6048 | D:5      | Found a burning altar of Makhleb.
  6056 | D:5      | Found an opulent altar of Gozag.
  6056 | D:5      | Found a white marble altar of Elyvilon.
  6063 | D:5      | Found a glowing golden altar of the Shining One.
  6067 | D:5      | Found a hazy altar of Hepliaklqana.
  6618 | D:6      | Reached skill level 8 in Spellcasting
  7002 | D:6      | Found a staircase to the Ecumenical Temple.
  7049 | Temple   | Entered the Ecumenical Temple
  7075 | Temple   | Became a worshipper of Cheibriados the Contemplative
  7248 | D:7      | Noticed Prince Ribbit
  7413 | D:7      | Reached XP level 9. HP: 26/60 MP: 5/21
  7726 | D:7      | Reached skill level 9 in Spellcasting
  7972 | D:7      | Reached * piety under Cheibriados
  7989 | D:7      | Slain by a wight

Skill      XL: |  1  2  3  4  5  6  7  8  9 |
---------------+----------------------------+-----
Spellcasting   | 3 4 5 6 8 9 |  9.3
Ice Magic      | 4 5 6 7 |  7.7
Shields        | 1 2 |  2.1
Dodging        | |  1.7
Stealth        | |  1.7
Conjurations   | |  1.0

Action                   |  1- 3 |  4- 6 |  7- 9 || total
-------------------------+-------+-------+-------++-------
Melee: Spear             |   107 |   189 |     1 ||   297
       Tailslap          |     3 |    11 |    16 ||    30
       Dagger            |       |    10 |    48 ||    58
       Long sword        |       |       |    37 ||    37
 Fire: Hunting sling     |       |       |   191 ||   191
Throw: Stone             |     5 |    34 |     5 ||    44
 Cast: Freeze            |    22 |    67 |    61 ||   150
       Ozocubu's Armour  |       |     3 |     8 ||    11
       Summon Ice Beast  |       |       |     6 ||     6
 Abil: Breathe Steam     |       |       |     9 ||     9
  Use: Potion            |       |     1 |     3 ||     4
       Scroll            |       |       |     1 ||     1
 Stab: Sleeping          |     5 |     9 |     3 ||    17
       Distracted        |       |     1 |       ||     1
  Eat: Meat ration       |     1 |       |       ||     1
       Chunk             |       |     6 |     9 ||    15
       Fruit             |       |     2 |       ||     2
       Pizza             |       |       |     2 ||     2
Armor: Skin              |    29 |    75 |    81 ||   185
Dodge: Dodged            |    51 |   107 |   108 ||   266
Block: Buckler           |       |    34 |    32 ||    66
       Rpst.: Long sword |       |       |     5 ||     5
